 Dungeon Crawl Stone Soup version 0.17-a0-957-ga3519be (webtiles) character file.

40 laxity the Magician (level 3, 0/19 HPs)
             Began as a Deep Elf Fire Elementalist on May 7, 2015.
             Slain by Ijyb
             ... wielding a +2 dagger of electrocution
              (18 damage)
             ... on level 2 of the Dungeon.
             The game lasted 00:02:17 (1052 turns).

laxity the Magician (Deep Elf Fire Elementalist)    Turns: 1052, Time: 00:02:17

Health: 0/19       AC:  2    Str:  5    XL:     3   Next: 30%
Magic:  7/10       EV: 13    Int: 20    God:
Gold:   64         SH:  0    Dex: 15    Spells: 3 memorised, 3 levels left

rFire  . . .     SeeInvis .     (no weapon)
rCold  . . .     Clarity  .     a - +0 robe
rNeg   . . .     SustAb   .     (no shield)
rPois  .         Gourm    .     (no helmet)
rElec  .         Spirit   .     (no cloak)
rCorr  .         Warding  .     (no gloves)
rMut   .         Stasis   .     (no boots)
MR     .....                    (no amulet)
Stlth  ++........               (no ring)
                                (no ring)

@: not resistant to hostile enchantments, unstealthy
A: no striking features
a: no special abilities


You were on level 2 of the Dungeon.
You were not hungry.

You visited 1 branch of the dungeon, and saw 2 of its levels.

You collected 64 gold pieces.

Inventory:

Hand weapons
 q - a +0 short sword
Armour
 a - a +0 robe (worn)
Scrolls
 e - a scroll of random uselessness {unknown}
 f - a scroll of enchant armour {unknown}
 h - a scroll of magic mapping {unknown}
 n - a scroll of immolation {unknown}
 o - 2 scrolls of remove curse {unknown}
 p - a scroll of enchant weapon {unknown}
 r - a scroll of amnesia {unknown}
Potions
 d - a potion of invisibility {unknown}
 g - 2 potions of heal wounds {unknown}
 j - a potion of might {unknown}
 k - a potion of resistance {unknown}
 l - 3 potions of curing {unknown}
Books
 b - a book of Flames

   Spells                             Type                      Level
   a - Flame Tongue                   Conjuration/Fire             1
   b - Throw Flame                    Conjuration/Fire             2
   c - Conjure Flame                  Conjuration/Fire             3
   d - Inner Flame                    Hexes/Fire                   3
   e - Sticky Flame                   Conjuration/Fire             4
   f - Fireball                       Conjuration/Fire             5
Comestibles
 c - a bread ration
 i - a meat ration
 m - a chunk of flesh


   Skills:
 - Level 2.4 Dodging
 - Level 2.4 Stealth
 + Level 3.9 Spellcasting
 + Level 2.1 Conjurations
 + Level 3.9 Fire Magic


You had 3 spell levels left.
You knew the following spells:

 Your Spells              Type           Power        Failure   Level  Hunger
a - Flame Tongue          Conj/Fire      ###..        3%          1    None
b - Throw Flame           Conj/Fire      ###...       6%          2    ##.....
c - Conjure Flame         Conj/Fire      ###.....     12%         3    ###....


Dungeon Overview and Level Annotations

Branches:
Dungeon (2/15)

Altars:

Annotations:
D:2 Ijyb


Message History

The flame tongue hits Ijyb.
Ijyb is lightly wounded.
Casting: Flame Tongue
Confirm with . or Enter, or press ? or * to list all spells.
Aiming: Flame Tongue
Press: ? - help, Shift-Dir - straight line, f/p - Ijyb
Aim: Ijyb, wielding a dagger of electrocution and carrying a wand of hasting {zapped: 1} (lightly wounded, fast)
The flame tongue misses Ijyb.
Ijyb barely misses you.
Casting: Flame Tongue
Confirm with . or Enter, or press ? or * to list all spells.
Aiming: Flame Tongue
Press: ? - help, Shift-Dir - straight line, f/p - Ijyb
Aim: Ijyb, wielding a dagger of electrocution and carrying a wand of hasting {zapped: 1} (lightly wounded, fast)
The flame tongue hits Ijyb.
Ijyb is heavily wounded.
Ijyb screams, "I no like you!"
Ijyb hits you with a dagger of electrocution.
You are electrocuted!
Ouch! That really hurt!
You die...

.##'#.#.#..8..+#
.#..#.#.#...⌠..#
.'..#.#.#..8..+#### #
.####.#...........# .#
......#...........#
..#
†####.#...........#
..#
.#.⌠#.#...........#..#
.'..# #.............#
.####.#.........@g#
......#...........#
#######..#.##.#######
....[...)............
#######.##.##.#######
#.##.##.# #.##.##.#
#.##.##.# #.##.##.#


You could see Ijyb.

Vanquished Creatures
  2 giant geckos (D:1)
  A giant cockroach (D:1)
  6 goblins
  3 hobgoblins (D:1)
  4 jackals (D:2)
  A quokka (D:2)
  6 bats
  A giant newt (D:2)
  6 kobolds
  8 rats
38 creatures vanquished.

Notes
Turn   | Place    | Note
--------------------------------------------------------------
     0 | D:1      | laxity, the Deep Elf Fire Elementalist, began the quest for the Orb.
     0 | D:1      | Reached XP level 1. HP: 10/10 MP: 6/6
   110 | D:1      | Reached XP level 2. HP: 15/15 MP: 4/8
   114 | D:1      | Learned a level 2 spell: Throw Flame
   773 | D:2      | Reached XP level 3. HP: 17/19 MP: 2/10
   833 | D:2      | Learned a level 3 spell: Conjure Flame
  1046 | D:2      | Noticed Ijyb
  1052 | D:2      | Slain by Ijyb

Action                   || total
-------------------------++-------
Melee: Unarmed           ||     2
 Cast: Flame Tongue      ||    59
